 Dungeon Crawl Stone Soup version 0.28.0 (webtiles) character file.

Game seed: 13568841733102403980

21 Illumine the Sneak (level 2, -2/15 HPs)
             Began as a Gargoyle Enchanter on Feb 12, 2022.
             Slain by a kobold (3 damage)
             ... on level 1 of the Dungeon.
             The game lasted 00:01:37 (591 turns).

Illumine the Sneak (Gargoyle Enchanter)              Turns: 591, Time: 00:01:38

Health: -2/15      AC:  4    Str: 11    XL:     2   Next: 83%
Magic:  0/5        EV: 11    Int: 21    God:
Gold:   12         SH:  0    Dex: 10    Spells: 3/5 levels left

rFire   . . .      SeeInvis .   a - +1 dagger
rCold   . . .      Faith    .   (no shield)
rNeg    + . .      Spirit   .   b - +0 robe
rPois   ∞          Reflect  .   (no helmet)
rElec   +          Harm     .   (no cloak)
rCorr   .          Rampage  .   (no gloves)
Will    .....                   (no boots)
Stlth   ++........              (no amulet)
HPRegen 0.05/turn               e - +6 ring of intelligence
MPRegen 0.09/turn               (no ring)

@: no status effects
A: sickness immunity, AC +2, negative energy resistance 1, electricity
resistance, torment resistance 1, petrification resistance
a: no special abilities


You were on level 1 of the Dungeon.
You visited 1 branch of the dungeon, and saw 1 of its levels.

You collected 12 gold pieces.

Inventory:

Hand Weapons
 a - a +1 dagger (weapon)
Missiles
 g - 17 stones (quivered)
Armour
 b - a +0 robe (worn)
Jewellery
 e - a +6 ring of intelligence (left hand)
Potions
 c - a potion of invisibility
 d - a potion of attraction {unknown}


   Skills:
 + Level 1.8 Short Blades
 - Level 1.5 Dodging
 + Level 4.0 Stealth
 - Level 2.0 Spellcasting
 - Level 2.6 Hexes


You had 3 spell levels left.
You knew the following spells:

 Your Spells              Type           Power      Damage    Failure   Level
a - Ensorcelled Hibernat  Hex/Ice        14%        N/A       13%         2

Your spell library contained the following spells:

 Spells                   Type           Power      Damage    Failure   Level
 Confusing Touch          Hex            13%        N/A       14%         3
 Tukima's Dance           Hex            13%        N/A       14%         3
 Dazzling Flash           Conj/Hex       14%        N/A       26%         3


Dungeon Overview and Level Annotations

Branches:
Dungeon (1/15)

Altars:


Innate Abilities, Weirdness & Mutations

You are immune to sickness and miasma.
Your stone body is resilient. (AC +2)
You are immune to poison.
You resist negative energy. (rN+)
You are resistant to electric shocks. (rElec)
You are resistant to unholy torment.
You are immune to petrification.


Message History

You kill the jackal!
Your Stealth skill increases to level 4!
You hit the kobold.
The kobold is heavily wounded.
The kobold barely misses you.
You barely miss the kobold.
The kobold is heavily wounded.
The kobold hits you with a +0 club.
* * * LOW HITPOINT WARNING * * *
You barely miss the kobold.
The kobold is heavily wounded.
The kobold hits you with a +0 club.
* * * LOW HITPOINT WARNING * * *
You closely miss the kobold.
The kobold is heavily wounded.
You closely miss the kobold.
The kobold is heavily wounded.
The kobold closely misses you.
Throw: 2 darts (poison)
Press: ? - help, Q - select action, (/) - cycle Shift-Dir - straight line, f - kobold
Aim: a kobold, wielding a +0 club (heavily wounded, 45% to hit)
You throw a poisoned dart.
The poisoned dart barely misses the kobold.
The kobold barely misses you. The kobold hits you with a +0 club.
* * * LOW HITPOINT WARNING * * *
Casting: Ensorcelled Hibernation (safe; 13% risk of failure)
Confirm with . or Enter, or press ? or * to list all spells.
Aiming: Ensorcelled Hibernation (safe; 13% risk of failure)
Press: ? - help, Shift-Dir - straight line, f/p - kobold
Aim: a kobold, wielding a +0 club (heavily wounded, chance to affect: 58%)
The kobold resists with significant effort.
The kobold barely misses you.
Throw: dart (poison)
Press: ? - help, Q - select action, (/) - cycle Shift-Dir - straight line, f/p - kobold
Aim: a kobold, wielding a +0 club (heavily wounded, 45% to hit)
You throw a poisoned dart. The poisoned dart hits the kobold.
The kobold is heavily wounded.
The kobold hits you with a +0 club.
You die...

.........# .........#
. #######.......##
...###....†.....(...#
.........##.........#
...###..###.........#
###..# #.........#
#...K# #.........#
#..##@# ##.).....##
#..# #.####h.....##
#.# ###..#
#.......##### #.#
#....# #.......# .#.#
#..### #.......#
.#.##>.# ##.......#
.#.#..# #........##
##...# #............
#...##
#####.†...#######


You could see a kobold.

Vanquished Creatures
  3 ball pythons (D:1)
  A giant cockroach (D:1)
  A hobgoblin (D:1)
  4 jackals (D:1)
  2 quokkas (D:1)
  3 frilled lizards (D:1)
  2 goblins (D:1)
  A kobold (D:1)
  2 rats (D:1)
19 creatures vanquished.

Notes
Turn   | Place    | Note
-------+----------+-------------------------------------------
     0 | D:1      | Illumine the Gargoyle Enchanter began the quest for the
                  | Orb.
     0 | D:1      | Reached XP level 1. HP: 10/10 MP: 3/3
     9 | D:1      | Reached skill level 1 in Short Blades
    83 | D:1      | Reached XP level 2. HP: 5/15 MP: 5/5
   286 | D:1      | Learned a level 2 spell: Ensorcelled Hibernation
   578 | D:1      | Reached skill level 4 in Stealth
   591 | D:1      | Slain by a kobold

Illustrated notes

Levels and vault maps discovered:
D:1:      dpeg_arrival_simpleton_c, layout_rooms

Skill      XL: |  1  2 |
---------------+-------+-----
Short Blades   | 1 |  1.8
Stealth        | 4 |  4.0
Dodging        | |  1.5
Spellcasting   | |  2.0
Hexes          | |  2.6

Action                   || total
-------------------------++-------
Melee: Dagger            ||    77
       Punch             ||     1
Throw: Dart              ||     5
 Cast: Ensorcelled Hiber ||     8
 Stab: Sleeping          ||     6
Armor: Robe              ||    23
Dodge: Dodged            ||    45
